 Dungeon Sprint DCSS version 0.03.2.1-42-g860841ac0a (webtiles) character file.

Game seed: 1269994119009534550, levelgen mode: deterministic

218967 esc the Merry Centaur (level 17, -27/189 (191) HPs) Centaur Hunter. Began on Jan 25, 2021. Was an Initiate of Gozag Ym Sagoz. Annihilated by the Royal Jelly (34 damage) ... in the Dungeon (Sprint III: "The Ten Rune Challenge"). The game lasted 00:54:12 (6829 turns).

esc the Merry Centaur (Centaur Hunter)              Turns: 6829, Time: 00:54:13

HP:   -27/189 (191) AC: 54    Str: 23    XL:     17 ^: 41451
MP:   17/17         EV: 17    Int:  8    God:    Gozag Ym Sagoz
Gold: 9920          SH:  0    Dex: 17    Spells: 16/16 levels left

rFire    . . .     Vision   +   x - +5 longbow "Qekom" {venom, Dex+3}
rCold    + . .     Gourm    .   (also wielding the above weapon)
rNeg     + + .     Faith    .   z - +8 orange crystal plate {Archmagi, Int+3 Clar}
rPois    .         Spirit   .   B - +2 helmet {rC+}
rElec    .         Reflect  .   M - +1 cloak {+Inv}
rCorr    .         Harm     +   (no gloves)
MR       +....     Clarity  +   G - +3 centaur barding of the Storm King {rN+ +Vis Stlth+} Stlth ..........NoTele +
                                g - amulet of harm
HPRegen  0.73/turn              j - ring of evasion
MPRegen  0.27/turn              a - ring "Dyol" {rN+ Str+5 Int-5 Slay+5 Stlth+, (Curse: *Slow)} (curse)

@: slowed
A: large, hooves 3, deformed body, speed 2, tough skin 3
}: 3/10 runes: decaying, barnacled, silver
a: Potion Petition, Call Merchant, Bribe Branch, Renounce Religion, Evoke
Invisibility


You were in the Dungeon.
You worshipped Gozag Ym Sagoz.
Gozag Ym Sagoz was greatly pleased with you.
You were very full.

You visited 1 branch You collected 33241 gold pieces.
You spent 9203 gold pieces at shops.
You paid 14118 gold pieces to Gozag.

Inventory:

Weapons
 k - a +7 shortbow of velocity
 x - the +5 longbow "Qekom" (weapon) {venom, Dex+3}
   (You found it in the Dungeon)

   It poisons the ammo it fires.
   It affects your dexterity (+3).
 L - a +1 longbow of molten steel
 N - a +3 trishula of silver
Armour
 z - the +8 orange crystal plate (worn) {Archmagi, Int+3 Clar}
   (You bought it in a shop in the Dungeon)

   It affects your intelligence (+3).
   It protects you against confusion.
 B - a +2 helmet of cold resistance (worn)
 G - the +3 centaur barding of the Storm King (worn) {rN+ +Vis Stlth+}
   (You acquired it in the Dungeon)

   It protects you from negative energy.
   It improves your vision.
   It makes you more stealthy.
 M - a +1 cloak of invisibility (worn)
Jewellery
 a - the cursed ring "Dyol" (right hand) {rN+ Str+5 Int-5 Slay+5 Stlth+, (Curse: *Slow)}
   (You bought it in a shop in the Dungeon)

   [ring of strength]

   It affects your strength (+5).
   It affects your intelligence (-5).
   It affects your accuracy and damage with ranged weapons and melee attacks
   (+5).
   It protects you from negative energy.
   It makes you more stealthy.
   It has a curse placed upon it.
   { (Curse: *Slow)}
 g - an amulet of harm (around neck)
 j - a ring of evasion (left hand)
 E - an uncursed amulet of regeneration
Wands
 b - a wand of iceblast (11)
 l - a wand of random effects (2)
 u - a wand of flame (5)
 v - a wand of disintegration (10)
 w - a wand of ensnaring (9)
 A - a wand of clouds (6)
 F - a wand of polymorph (2)
Scrolls
 c - 3 scrolls of fog
 n - 2 scrolls of holy word
 o - a scroll of amnesia
 t - a scroll of torment
 y - 4 scrolls of blinking
 D - 3 scrolls of fear
 H - 2 scrolls of enchantment
Potions
 e - 7 potions of curing
 f - 3 potions of heal wounds
 h - 4 potions of magic
 i - 6 potions of berserk rage
 m - 4 potions of might
 p - 6 potions of brilliance
 q - 6 potions of mutation
 r - a potion of resistance
 s - 2 potions of agility
 I - 2 potions of haste
 J - 2 potions of cancellation
 K - a potion of ambrosia
Miscellaneous
 C - a lamp of fire
Comestibles
 d - 22 rations


   Skills:
 O Level 27 Fighting
 O Level 27 Bows
 O Level 27 Armour
 + Level 15.7 Dodging
 - Level 0.4 Stealth


You had 16 spell levels left.
You didn't know any spells.
Your spell library contained the following spells:

 Spells                   Type           Power        Failure   Level  Hunger
 Flame Tongue             Fire           0 (30)       77%         1    ##.....
 Infusion                 Chrm           0 (25)       77%         1    ##.....
 Poisonous Vapours        Pois/Air       0 (50)       77%         1    ##.....
 Shock                    Air            0 (25)       77%         1    ##.....
 Summon Butterflies       Summ           0 (100)      77%         1    ##.....
 Shroud of Golubria       Chrm/Tloc      0 (200)      88%         2    ###....
 Song of Slaying          Chrm           0 (100)      88%         2    ###....
 Apportation              Tloc           0 (50)       98%         3    ####...
 Gell's Gravitas          Tloc           0 (200)      98%         3    ####...
 Recall                   Summ/Tloc      N/A          98%         3    ####...
 Regeneration             Chrm/Necr      0 (200)      98%         3    ####...
 Snakes to Sticks         Hex/Tmut       0 (100)      98%         3    ####...
 Spectral Weapon          Chrm/Summ      0 (100)      98%         3    ####...
 Teleport Other           Hex/Tloc       0 (100)      98%         3    ####...
 Cause Fear               Hex            0 (200)      100%        4    #####..
 Ice Form                 Ice/Tmut       0 (100)      100%        4    #####..
 Muse Oam's Air Blast     Tloc/Air       0 (100)      100%        4    #####..
 Olgreb's Toxic Radiance  Pois           0 (100)      100%        4    #####..
 Passage of Golubria      Tloc           N/A          100%        4    #####..
 Aura of Abjuration       Summ           0 (200)      100%        5    ######.
 Blade Hands              Tmut           0 (200)      100%        5    ######.
 Silence                  Hex/Air        0 (200)      100%        5    ######.
 Summon Forest            Summ/Erth      0 (200)      100%        5    ######.
 Summon Mana Viper        Summ/Pois      0 (100)      100%        5    ######.
 Yara's Violent Unravell  Hex/Tmut       0 (200)      100%        5    ######.
 Cigotuvi's Degeneration  Tmut/Necr      0 (200)      100%        6    #######
 Deflect Missiles         Chrm/Air       0 (200)      100%        6    #######
 Dispersal                Tloc           0 (200)      100%        6    #######
 Shadow Creatures         Summ           N/A          100%        6    #######
 Discord                  Hex            0 (200)      100%        8    #######
 Ignition                 Fire           0 (200)      100%        8    #######


Dungeon Overview and Level Annotations

Branches:
Dungeon (1/1)

Altars:
Cheibriados
Dithmenos
Elyvilon
Fedhas Madash
Gozag Ym Sagoz
Hepliaklqana
Kikubaaqudgha
Makhleb
Nemelex Xobeh
Okawaru
Qazlal
Ru
Sif Muna
Trog
Uskayaw
Vehumet
Wu Jian
Xom
Yredelemnul
Zin
The Shining One
Beogh
Jiyva
Lugonu

Shops:
D ?[:}!=[%[}%%[(!(==%}:%([!*?[?=([(((

Annotations:
D Royal Jelly


Innate Abilities, Weirdness & Mutations

You have hooves in place of feet.
Armour fits poorly on your strangely shaped body.
You cover ground very quickly.
You have extremely tough skin. (AC +3)


Message History

The walls burn you (16)!
You see here 135 gold pieces.
You now have 9920 gold pieces (gained 135).
The walls burn you (25)!! The walls burn you (18)!!
You feel yourself slow down. The walls burn you (22)!!
You see here 63 gold pieces.
The Royal Jelly comes into view.
The walls burn you (23)!!
You see here 63 gold pieces.
The walls burn you (36)!!!
* * * LOW HITPOINT WARNING * * *
The walls burn you (23)!!
* * * LOW HITPOINT WARNING * * *
There is an open door to the Pits of Slime here.
You close the door.
You hear a slurping noise.
The Royal Jelly eats the door!
The Royal Jelly hits you (29)!!
You die...
Your body crumbles into a pile of gold.

▓...#≈≈§§§§≈≈≈♣♣♣♣
▓..)#≈≈.§≈≈§.≈♣♣♣♣
▓##'####'#######♣♣
▓.........).....♣♣
▓#'#############'♣
▓...#≈P..........♣
▓...'≈≈...########
▓...#≈≈≈.........P
▓@..#≈≈≈≈...PP....
#J#############'##
##.###### #.♣♣
##.#...### #♣≈♣
##$$.....## #♣.♣
##.........# #♣♣.
#....###.... #♣≈♣
#...##}##... #♣.♣
##..#)φ|#..# #♣≈.


You could see the Royal Jelly.

Vanquished Creatures
  An ancient lich (D)
  Mara (D)
  Mennas (D)
  A Killer Klown (D)
  Sojobo (D)
  Boris (D)
  Xtahua (D)
  Nikola (D)
  Geryon (D)
  A lich (D)
  Rupert (D)
  A quicksilver dragon (D)
  5 shadow dragons (D)
  An Executioner (D)
  Harold (D)
  2 storm dragons (D)
  Gastronok (D)
  Polyphemus (D)
  2 acid blobs (D)
  A draconian knight (D)
  Ilsuiw (D)
  3 frost giants (D)
  3 fire giants (D)
  2 draconian stormcallers (D)
  2 Orb Guardians (D)
  Roxanne (D)
  5 deep elf blademasters (D)
  2 vampire knights (D)
  A lime draconian (D)
  3 deep elf annihilators (D)
  A merfolk javelineer (D)
  3 fire dragons (D)
  6 azure jellies (D)
  Chuck (D)
  A deep elf death mage (D)
  A mummy priest (D)
  Erolcha (D)
  Nessos (D)
  2 hell beasts (D)
  2 stone giants (D)
  Urug (D)
  An ogre mage (D)
  2 dire elephants (D)
  2 soul eaters (D)
  A deep elf knight (D)
  2 yaktaur captains (D)
  An unseen horror (shapeshifter) (D)
  18 vault guards (D)
  A lindwurm (D)
  A spriggan druid (D)
  A swamp dragon (shapeshifter) (D)
  A lindwurm (shapeshifter) (D)
  2 hydras (D)
  A shadow wraith (D)
  An orc knight (D)
  A glowing orange brain (D)
  A death drake (D)
  4 skeletal warriors (D)
  An obsidian statue (D)
  2 centaur warriors (D)
  An orange crystal statue (D)
  2 sun demons (D)
  Joseph (D)
  A sea snake (D)
  3 shining eyes (D)
  4 crystal guardians (D)
  An orc sorcerer (D)
  4 death yaks (D)
  7 deep elf magi (D)
  2 oklob plants (D)
  A moth of wrath (D)
  A molten gargoyle (D)
  2 iron troll simulacra (D)
  8 statues (D)
  5 ugly things (D)
  2 black mambas (D)
  2 spiny frogs (D)
  A rime drake (D)
  A yaktaur (shapeshifter) (D)
  11 yaktaurs (D)
  2 elephants (D)
  2 ice devils (D)
  2 tyrant leeches (D)
  A komodo dragon (D)
  A queen bee (D)
  3 wandering mushrooms (D)
  2 orc high priests (D)
  3 hornets (D)
  8 blink frogs (D)
  3 dream sheep (D)
  4 spriggan defenders (D)
  A shadow (D)
  2 spriggans (D)
  A golden eye (D)
  5 redbacks (D)
  10 slime creatures (D)
  A spatial vortex (D)
  2 orc warriors (D)
  3 floating eyes (D)
  A necrophage (D)
  2 hell hounds (D)
  2 fire dragon simulacra (D)
  A hydra simulacrum (D)
  A swamp drake (D)
  5 anaconda simulacra (D)
  5 two-headed ogres (D)
  A water elemental (D)
  32 killer bees (D)
  3 electric eels (D)
  Crazy Yiuf (D)
  5 orc priests (D)
  A jelly (D)
  3 orc wizards (D)
  A wizard (D)
  Jessica (D)
  A necromancer (D)
  A kobold demonologist (D)
  3 humans (D)
  A wolf simulacrum (D)
  An ooze (D)
  9 orcs (D)
  A rat (D)
  A butterfly (D)
  An orange demon (D)
  13 plants (D)
326 creatures vanquished.

Vanquished Creatures (others)
  2 draconian scorchers (D)
  A hydra (D)
  4 dancing weapons (D)
  6 hellions (D)
  3 yaktaurs (D)
  An anaconda zombie (D)
  5 ball lightnings (D)
  3 ballistomycete spores (D)
  3 bushes (D)
  4 butterflies (D)
  13 plants (D)
45 creatures vanquished.

Grand Total: 371 creatures vanquished

Notes
Turn   | Place    | Note
-------+----------+-------------------------------------------
     0 | D        | esc the Centaur Hunter began the quest for the Orb.
     0 | D        | Reached XP level 1. HP: 17/17 MP: 1/1
    14 | D        | Noticed Jessica
    17 | D        | Killed Jessica
    17 | D        | Reached XP level 2. HP: 24/24 MP: 2/2
    17 | D        | Reached XP level 3. HP: 29/29 MP: 3/3
    34 | D        | Noticed Crazy Yiuf
    39 | D        | Killed Crazy Yiuf
    71 | D        | Reached XP level 4. HP: 36/36 MP: 4/4
   112 | D        | Killed a hellion
   130 | D        | Killed a hellion
   131 | D        | Found a glowing silver altar of Zin.
   131 | D        | Found a glowing golden altar of the Shining One.
   131 | D        | Found a white marble altar of Elyvilon.
   131 | D        | Noticed a deep elf mage
   134 | D        | Killed a deep elf mage
   134 | D        | Reached skill level 15 in Bows
   134 | D        | Reached XP level 5. HP: 51/51 MP: 5/5
   134 | D        | Reached XP level 6. HP: 58/58 MP: 6/6
   137 | D        | Killed a hellion
   138 | D        | Killed a hellion
   142 | D        | Found a hide-covered altar of Uskayaw.
   142 | D        | Found a roughly hewn altar of Beogh.
   142 | D        | Found an iron altar of Okawaru.
   142 | D        | Found a bloodstained altar of Trog.
   142 | D        | Found an ornate altar of the Wu Jian Council.
   142 | D        | Noticed a human
   142 | D        | Noticed a human
   153 | D        | Killed a human
   153 | D        | Reached skill level 5 in Armour
   153 | D        | Reached XP level 7. HP: 66/66 MP: 7/7
   167 | D        | Killed a white draconian scorcher
   191 | D        | Found a basalt altar of Yredelemnul.
   191 | D        | Found a shadowy altar of Dithmenos.
   191 | D        | Found a sacrificial altar of Ru.
   216 | D        | Killed a hellion
   245 | D        | Noticed a shadow
   252 | D        | Killed a shadow
   252 | D        | Reached XP level 8. HP: 77/77 MP: 8/8
   267 | D        | Found a radiant altar of Vehumet.
   268 | D        | Found a shimmering blue altar of Sif Muna.
   268 | D        | Found an ancient bone altar of Kikubaaqudgha.
   271 | D        | Noticed a sun demon
   299 | D        | Found a blossoming altar of Fedhas.
   299 | D        | Found a stormy altar of Qazlal.
   299 | D        | Found a snail-covered altar of Cheibriados.
   299 | D        | Found a burning altar of Makhleb.
   299 | D        | Found a shimmering altar of Xom.
   299 | D        | Killed a white draconian scorcher
   300 | D        | Found a hazy altar of Hepliaklqana.
   300 | D        | Found an opulent altar of Gozag.
   300 | D        | Found a sparkling altar of Nemelex Xobeh.
   300 | D        | Found a corrupted altar of Lugonu.
   300 | D        | Found a viscous altar of Jiyva.
   308 | D        | Became a worshipper of Gozag Ym Sagoz the Greedy
   308 | D        | Identified the +3 leather armour "Gopopnaa" {rC- Str+5}
   308 | D        | Identified the +0 plate armour of the Countless Runes
                  | {*Contam rF+++ rC- rN+++}
   308 | D        | Identified the +8 war axe "Renyfosuaj" {speed, +Vis}
   308 | D        | Identified the +0 scale mail "Teaxuas" {rCorr Stlth+}
   308 | D        | Identified the ring of Yrasoeto {AC+5 Str+3}
   308 | D        | Identified the ring "Luymmuute" {rF- MP+9 Str+3 Int+2 +Vis}
   338 | D        | Found Inyasur's Gadget Emporium.
   350 | D        | Reached skill level 10 in Fighting
   358 | D        | Noticed an orc sorcerer
   358 | D        | Killed an orc sorcerer
   358 | D        | Reached XP level 9. HP: 77/86 MP: 9/9
   426 | D        | Noticed a deep elf mage
   426 | D        | Noticed a deep elf mage
   426 | D        | Noticed a deep elf mage
   426 | D        | Noticed a deep elf mage
   426 | D        | Noticed a deep elf mage
   437 | D        | Killed a deep elf mage
   445 | D        | Killed a hellion
   514 | D        | Killed a deep elf mage
   528 | D        | Killed a deep elf mage
   534 | D        | Killed a deep elf mage
   541 | D        | Killed a deep elf mage
   541 | D        | Reached XP level 10. HP: 99/99 MP: 10/10
   561 | D        | Noticed a deep elf annihilator
   563 | D        | Killed a deep elf annihilator
   563 | D        | Reached skill level 10 in Armour
   564 | D        | Noticed a deep elf annihilator
   564 | D        | Noticed a deep elf death mage
   567 | D        | Killed a deep elf annihilator
   568 | D        | Killed a deep elf death mage
   569 | D        | Noticed a deep elf mage
   569 | D        | Noticed a deep elf annihilator
   570 | D        | Killed a deep elf annihilator
   572 | D        | Killed a deep elf mage
   572 | D        | Reached XP level 11. HP: 111/111 MP: 11/11
   575 | D        | Noticed a deep elf blademaster
   591 | D        | Killed a deep elf blademaster
   656 | D        | Noticed Erolcha
   671 | D        | Killed Erolcha
   671 | D        | Reached skill level 15 in Fighting
   840 | D        | Bought a runed shortbow for 114 gold pieces
   840 | D        | Bought a glowing shortbow for 114 gold pieces
   848 | D        | Noticed Harold
   861 | D        | Killed Harold
   865 | D        | Noticed Joseph
   872 | D        | Killed Joseph
  1497 | D        | Reached XP level 12. HP: 56/123 MP: 12/12
  1550 | D        | Bought the cursed ring "Dyol" {rN+ Str+5 Int-5 Slay+5
                  | Stlth+, (Curse: *Slow)} for 877 gold pieces
  1550 | D        | Bought an uncursed amulet of harm for 420 gold pieces
  1550 | D        | Bought an uncursed ring of evasion for 770 gold pieces
  1774 | D        | Noticed Gastronok
  1779 | D        | Killed Gastronok
  1795 | D        | Noticed an azure jelly
  1795 | D        | Noticed an azure jelly
  1795 | D        | Noticed an azure jelly
  1796 | D        | Noticed an azure jelly
  1801 | D        | Noticed Rupert
  1806 | D        | Killed Rupert
  1891 | D        | Found Vent's Magic Scroll Shoppe.
  1892 | D        | Found Othob's Antique Armour Boutique.
  1892 | D        | Noticed a fire dragon
  1894 | D        | Found Jaxapill's Book Emporium.
  1898 | D        | Killed a fire dragon
  1903 | D        | Noticed a fire dragon
  1906 | D        | Killed a fire dragon
  1906 | D        | Reached XP level 13. HP: 95/136 MP: 13/13
  1907 | D        | Noticed Xtahua
  1918 | D        | Killed Xtahua
  1918 | D        | Reached skill level 15 in Armour
  2063 | D        | Got a decaying rune of Zot
  2080 | D        | Bought a scroll of enchantment for 97 gold pieces
  2080 | D        | Bought a scroll of blinking for 97 gold pieces
  2081 | D        | Bought the +8 orange crystal plate {Archmagi, Int+3 Clar}
                  | for 3034 gold pieces
  2081 | D        | Found the +8 orange crystal plate {Archmagi, Int+3 Clar}
  2253 | D        | Noticed Urug
  2256 | D        | Killed Urug
  2387 | D        | Found a blossoming altar of Fedhas.
  3022 | D        | Noticed Polyphemus
  3027 | D        | Killed Polyphemus
  3033 | D        | Noticed Ilsuiw
  3037 | D        | Killed Ilsuiw
  3041 | D        | Found Vadeapix's Jewellery Emporium.
  3050 | D        | Found Xataic's Antique Armour Shop.
  3051 | D        | Found Waim's Food Shoppe.
  3093 | D        | Got a barnacled rune of Zot
  3434 | D        | Reached skill level 27 in Bows
  3470 | D        | Noticed a fire dragon
  3474 | D        | Killed a fire dragon
  3522 | D        | Identified the +5 longbow "Qekom" {venom, Dex+3} (You found
                  | it in the Dungeon)
  3525 | D        | Reached XP level 14. HP: 147/147 MP: 14/14
  3641 | D        | Noticed Chuck
  3643 | D        | Identified the +5 fustibalus "Napnitit" {speed, Str+6}
  3646 | D        | Killed Chuck
  3656 | D        | Noticed Sojobo
  3768 | D        | Killed Sojobo
  3928 | D        | Noticed a lich
  3932 | D        | Killed a lich
  4069 | D        | Killed a shadow dragon
  4092 | D        | Killed a shadow dragon
  4185 | D        | Noticed a fire giant
  4188 | D        | Noticed a fire giant
  4190 | D        | Killed a fire giant
  4221 | D        | Killed a fire giant
  4227 | D        | Noticed a quicksilver dragon
  4259 | D        | Identified the cursed +10 quarterstaff of the Iron City of
                  | Dis {molten, rElec rF++ rN+ MR-, (Curse: *Drain)}
  4259 | D        | Noticed a frost giant
  4263 | D        | Noticed a frost giant
  4268 | D        | Killed a shadow dragon
  4279 | D        | Killed a quicksilver dragon
  4279 | D        | Reached XP level 15. HP: 108/164 MP: 15/15
  4335 | D        | Killed a shadow dragon
  4349 | D        | Identified the +7 long sword of Hard Scrabble {molten,
                  | *Corrode rC+ Int+3 Dex+2}
  4353 | D        | Identified the +7 morningstar of Icreucs {holy, rPois}
  4354 | D        | Identified the +2 trident of Aso Urom {acid, rF+ Str-4
                  | Dex+3 Stlth+}
  4355 | D        | Identified the cursed +1 leather armour "Ciafaolu" {rElec
                  | MR+ Str+3 Dex-2, (Curse: *Drain)}
  4360 | D        | Got a silver rune of Zot
  4363 | D        | Identified the Disquisition on the Volcanoes
  4367 | D        | Killed a shadow dragon
  4387 | D        | Identified the Tome of Flames
  4458 | D        | Bought a crystal shortbow {chaos} for 320 gold pieces
  4458 | D        | Identified the +3 shortbow "Numy" {chaos, rC+ Str+7 Stlth-}
                  | (You bought it in a shop in the Dungeon)
  4614 | D        | Found Asirigik's General Store.
  4614 | D        | Found Zunirgh's Jewellery Shoppe.
  4614 | D        | Found Segh's Armour Emporium.
  4614 | D        | Found Nucuin's Food Boutique.
  4614 | D        | Found Coppacac's Distillery.
  4614 | D        | Found Dysoxtill's Magic Scroll Shop.
  4614 | D        | Found Qaefoon's Antique Weapon Boutique.
  4614 | D        | Found Fuib's Book Shoppe.
  4614 | D        | Found Kirussor's Antique Armour Emporium.
  4614 | D        | Found Duomepe's Gadget Shop.
  4614 | D        | Found Qieto's Magic Scroll Boutique.
  4614 | D        | Found Itail's Food Emporium.
  4659 | D        | Bought a scroll of fear for 38 gold pieces
  4659 | D        | Bought a scroll of fog for 22 gold pieces
  4659 | D        | Bought a scroll of bless item for 330 gold pieces
  4659 | D        | Bought a scroll of bless item for 330 gold pieces
  4659 | D        | Bought a scroll of acquirement for 572 gold pieces
  4659 | D        | Bought a scroll of blinking for 82 gold pieces
  4659 | D        | Bought a scroll of enchantment for 82 gold pieces
  4659 | D        | Identified the +3 centaur barding of the Storm King {rN+
                  | +Vis Stlth+} (You acquired it in the Dungeon)
  4668 | D        | Bought a scroll of blinking for 97 gold pieces
  4668 | D        | Bought a scroll of acquirement for 676 gold pieces
  4668 | D        | Bought a scroll of blinking for 97 gold pieces
  4668 | D        | Identified the +4 staff of the Apocalypse {flay, poison;
                  | rPois rF- MR+++ Int+4 Dex+4} (You acquired it in the
                  | Dungeon)
  4672 | D        | Bought a scroll of enchantment for 90 gold pieces
  4672 | D        | Bought a scroll of fear for 42 gold pieces
  4672 | D        | Bought a scroll of blinking for 90 gold pieces
  4672 | D        | Bought a scroll of fear for 42 gold pieces
  4673 | D        | Bought a potion of agility for 56 gold pieces
  4673 | D        | Bought a potion of haste for 140 gold pieces
  4673 | D        | Bought 2 potions of curing for 84 gold pieces
  4673 | D        | Bought a potion of haste for 140 gold pieces
  4673 | D        | Bought a potion of cancellation for 112 gold pieces
  4675 | D        | Bought a potion of ambrosia for 112 gold pieces
  4751 | D        | Noticed Mara
  4759 | D        | Noticed esc's illusion
  4760 | D        | Killed Mara
  5066 | D        | Noticed Nikola
  5066 | D        | Noticed a storm dragon
  5070 | D        | Killed Nikola
  5072 | D        | Killed a storm dragon
  5088 | D        | Reached skill level 27 in Fighting
  5126 | D        | Found Ysuawn's Food Shoppe.
  5126 | D        | Found Ocezinoph's Gadget Shop.
  5129 | D        | Found Giryruy's Food Shop.
  5129 | D        | Found Quurabadd's Armour Emporium.
  5144 | D        | Bought a +1 cloak for 126 gold pieces
  5152 | D        | Identified Roxanne's Grimoire of Heat
  5152 | D        | Noticed Roxanne
  5156 | D        | Killed Roxanne
  5173 | D        | Found Amer's Distillery.
  5196 | D        | Reached XP level 16. HP: 181/181 MP: 16/16
  5228 | D        | Noticed an Executioner
  5232 | D        | Killed an Executioner
  5249 | D        | Noticed Nessos
  5250 | D        | Killed Nessos
  5427 | D        | Noticed a Killer Klown
  5441 | D        | Killed a Killer Klown
  5600 | D        | Noticed an ancient lich
  5605 | D        | Killed an ancient lich
  5790 | D        | Identified the cursed amulet "Oryst" {RegenMP *Drain rElec
                  | rF++ Dex+4, (Curse: Fragile)}
  5792 | D        | Reached skill level 27 in Armour
  5819 | D        | Noticed Geryon
  5824 | D        | Killed Geryon
  5824 | D        | Reached XP level 17. HP: 123/189 MP: 17/17
  5988 | D        | Noticed Mennas
  6000 | D        | Killed Mennas
  6000 | D        | Reached skill level 10 in Dodging
  6147 | D        | Noticed Boris
  6171 | D        | Killed Boris
  6435 | D        | Identified the +5 rapier of Erixam {holy, +Rage rElec rC-
                  | Int+5}
  6582 | D        | Reached skill level 15 in Dodging
  6821 | D        | Found a viscous altar of Jiyva.
  6821 | D        | Noticed the Royal Jelly
  6826 | D        | HP: 3/189 [acid (27)]
  6829 | D        | Annihilated by the Royal Jelly

Levels and vault maps discovered:
D:        dungeon_sprint_mu [sprint_mu_entry_forest, sprint_mu_temple_rooms,
          sprint_mu_d1_spiders, sprint_mu_d2_genie, sprint_mu_d3_branching,
          sprint_mu_orc_legion, sprint_mu_elf_gauntlet, sprint_mu_hive_nellie,
          sprint_mu_lair_fedhas, sprint_mu_vaults_butterflies,
          sprint_mu_slime_circle, sprint_mu_swamp_cave, sprint_mu_shoals_archi,
          sprint_mu_blade_basic, sprint_mu_crypt_fortress,
          sprint_mu_tomb_spiral, sprint_mu_vestibule_basic,
          sprint_mu_gehenna_hellfire, sprint_mu_dis_giant,
          sprint_mu_tartarus_statrot, sprint_mu_cocytus_islands, sprint_mu_zot1]

Skill      XL: |  1  2  3  4  5  6  7  8  9 10 11 12 13 14 15 16 17 |
---------------+----------------------------------------------------+-----
Bows           | 9 11 15 16 17 19 21 22 24 27 | 27.0
Fighting       | 6 7 8 10 12 14 16 18 20 24 27 | 27.0
Armour         | 4 5 6 8 9 11 13 14 16 19 22 27 | 27.0
Dodging        | 7 15 | 15.7
Stealth        | |  0.4

Action                   |  1- 3 |  4- 6 |  7- 9 | 10-12 | 13-15 | 16-18 || total
-------------------------+-------+-------+-------+-------+-------+-------++-------
Melee: Unarmed           |       |       |       |       |     4 |     4 ||     8
 Fire: Shortbow          |    11 |     9 |    58 |   202 |   117 |       ||   397
       Longbow           |       |       |       |       |   272 |   219 ||   491
Throw: Stone             |       |       |       |       |       |     1 ||     1
       Rusty metal       |       |       |       |       |       |     1 ||     1
Invok: Call Merchant     |       |       |       |     5 |     6 |       ||    11
       Potion Petition   |       |       |       |     1 |       |       ||     1
Evoke: Box of beasts     |       |       |       |     1 |       |       ||     1
  Use: Scroll            |     2 |       |       |     1 |     6 |     1 ||    10
       Potion            |       |       |       |     2 |     1 |       ||     3
  Eat: Ration            |       |       |       |     1 |     2 |     3 ||     6
Armor: Ring mail         |       |       |       |     3 |       |       ||     3
       Crystal plate     |       |       |       |       |    62 |    63 ||   125
Dodge: Dodged            |       |       |       |     5 |    17 |    19 ||    41
